 Dungeon Crawl Stone Soup version 0.17.2 (webtiles) character file.

66 ololoev the Slasher (level 3, -2/29 HPs)
             Began as a Mummy Chaos Knight on June 29, 2016.
             Slain by Jessica
             ... wielding a +0 club
              (3 damage)
             ... on level 2 of the Dungeon.
             The game lasted 00:02:07 (1962 turns).

ololoev the Slasher (Mummy Chaos Knight)            Turns: 1962, Time: 00:02:07

Health: -2/29      AC:  6    Str: 16    XL:     3   Next: 96%
Magic:  3/3        EV: 11    Int: 11    God:    Xom [......]
Gold:   29         SH:  0    Dex: 11    Spells: 0 memorised, 2 levels left

rFire  x . .     SeeInvis .     a - +0 falchion (chaos)
rCold  + . .     Clarity  .     b - +2 leather armour
rNeg   + + +     SustAt   .     (no shield)
rPois  ∞         Gourm    .     e - +0 helmet
rElec  .         Spirit   .     (no cloak)
rCorr  .         Warding  .     (no gloves)
rMut   .         Stasis   .     (no boots)
MR     .....                    (no amulet)
Stlth  +.........               (no ring)
                                (no ring)

@: confused, not resistant to hostile enchantments, very unstealthy
A: no food or potions, fire vulnerability, cold resistance 1, negative energy
resistance 3, torment resistance, unbreathing
a: Renounce Religion


Innate Abilities, Weirdness & Mutations

You do not eat or drink.
Your flesh is vulnerable to fire.
You are immune to poison.
Your flesh is cold resistant.
You are immune to negative energy.
You are immune to unholy pain and torment.
You can survive without breathing.

Inventory:

Hand Weapons
 a - a +0 falchion of chaos (weapon)
Armour
 b - a +2 leather armour (worn)
 e - a +0 helmet (worn)
Scrolls
 c - 3 scrolls of identify {unknown}
 d - 2 scrolls of enchant armour {unknown}
 f - 2 scrolls of teleportation {unknown}
 g - a scroll of noise {unknown}
 h - a scroll of blinking {unknown}
 i - 2 scrolls of remove curse {unknown}


   Skills:
 - Level 3.0 Fighting
 * Level 3.5 Long Blades
 + Level 2.3 Armour
 - Level 0.7 Dodging


You had 2 spell levels left.
You didn't know any spells.


You were on level 2 of the Dungeon.
You worshipped Xom.
You were a very special plaything of Xom.
You were not hungry.

You visited 1 branch of the dungeon, and saw 2 of its levels.

You collected 29 gold pieces.

#...............###
#..................
#......)........###
##.............#
#............
####..######..##
#.....# #.# #..l@##
.# #...@# # #....#
#....# #.....
#.....# ####...
#..#. #....

Notes
Turn   | Place    | Note
--------------------------------------------------------------
     0 | D:1      | ololoev the Mummy Chaos Knight began the quest for the Orb.
     0 | D:1      | Reached XP level 1. HP: 18/18 MP: 1/1
     5 | D:1      | XOM: potion effect (invisibility)
   171 | D:1      | Reached XP level 2. HP: 22/24 MP: 2/2
   328 | D:1      | XOM: chaos upgrade
   580 | D:1      | Reached XP level 3. HP: 29/29 MP: 3/3
   899 | D:1      | XOM: vitrification
  1011 | D:1      | XOM: mild Ice miscast
  1122 | D:1      | XOM: harmless Conj miscast
  1532 | D:2      | XOM: smoke on damage
  1937 | D:2      | Noticed Jessica
  1944 | D:2      | XOM: polymorph goblin -> giant gecko
  1947 | D:2      | XOM: harmless Divn miscast
  1960 | D:2      | XOM: noise
  1961 | D:2      | HP: 1/29 [giant gecko (3)]
  1962 | D:2      | Slain by Jessica

Dungeon Overview and Level Annotations

Branches:
Dungeon (2/15)

Altars:

Annotations:
D:2 Jessica


Message History

The giant gecko closely misses you.
Jessica points at you and mumbles some strange words.
You are unaffected.
Jessica hits you with a club. The giant gecko bites you.
The giant gecko bites you. Jessica hits you but does no damage.
Unknown command.
You closely miss Jessica. Jessica hits you but does no damage.
The giant gecko closely misses you. Jessica hits you but does no damage.
The giant gecko bites you but does no damage.
Unknown command.
Jessica hits you but does no damage. The giant gecko bites you.
Unknown command.
You're too confused to move!
You feel yourself speed up.
Jessica zaps a wand.
Your will is overpowered!
You are more confused.
The giant gecko bites you but does no damage.
Jessica misses you.
Unknown command.
Jessica zaps a wand.
Nothing appears to happen.
Jessica completely misses you. The giant gecko bites you.
Unknown command.
You're too confused to move!
Jessica closely misses you. The giant gecko completely misses you.
You barely miss Jessica. Jessica closely misses you.
The giant gecko misses you. Jessica barely misses you.
The giant gecko bites you.
Jessica points at you and mumbles some strange words.
You are unaffected.
You're too confused to move! "Boo!"
The giant gecko bites you.
Jessica grins evilly.
Jessica barely misses you.
The giant gecko bites you but does no damage.
You miss the giant gecko. Jessica hits you with a club.
The giant gecko bites you. Jessica hits you with a club.
You die...
Xom titters!

You could see Jessica and a giant gecko.

Vanquished Creatures
  An adder (D:2)
  An ooze (D:1)
  A worm (D:2)
  A giant gecko (D:1)
  7 bats
  2 giant cockroaches (D:1)
  3 goblins
  5 hobgoblins
  7 jackals (D:1)
  7 kobolds
  3 giant newts
  5 rats
43 creatures vanquished.

Action                   || total
-------------------------++-------
Melee: Falchion          ||   177
 Stab: Paralysed         ||     3
       Invisible         ||     1

Vault maps used:
D:1:      minmay_arrival_arboretum_small
D:2:      grunt_temple_overflow_diamond, serial_glass, glass_columns_c,
          glass_columns_c, uniq_jessica, uniq_natasha
